 Dungeon Crawl Stone Soup version 0.22-a0-247-gbddf880 (webtiles) character file.

11 Amnesiac the Charlatan (level 2, -2/16 HPs)
             Began as a Deep Elf Artificer on Feb 25, 2018.
             Slain by an orc
             ... wielding a +0 club
              (3 damage)
             ... on level 4 of the Dungeon.
             The game lasted 00:01:48 (408 turns).

Amnesiac the Charlatan (Deep Elf Artificer)          Turns: 408, Time: 00:01:50

Health: -2/16      AC:  3    Str:  9    XL:     2   Next: 17%
Magic:  7/7        EV: 12    Int: 15    God:
Gold:   19         SH:  0    Dex: 15    Spells: 1/1 levels left

rFire    . . .     SeeInvis .   a - +1 dagger (protect)
rCold    . . .     Gourm    .   (no shield)
rNeg     . . .     Faith    .   b - +0 leather armour
rPois    .         Spirit   .   (no helmet)
rElec    .         Reflect  .   (no cloak)
rCorr    .         Harm     .   (no gloves)
MR       .....     Rnd*Rage +   (no boots)
Stlth    ++........             (no amulet)
HPRegen  0.05/turn              (no ring)
MPRegen  0.10/turn              (no ring)

@: lethally poisoned (-2 -> -5)
A: berserk 1, wild magic 1
a: no special abilities


You were on level 4 of the Dungeon.
You were not hungry.

You visited 1 branch of the dungeon, and saw 4 of its levels.

You collected 19 gold pieces.

Inventory:

Hand Weapons
 a - a +1 dagger of protection (weapon)
Missiles
 j - 40 stones (quivered)
Armour
 b - a +0 leather armour (worn)
Wands
 c - a wand of flame (14)
 d - a wand of enslavement (13)
 e - a wand of random effects (14)
Scrolls
 h - a scroll of fog {!r, unknown}
 k - a scroll of teleportation {!r, unknown}
 l - a scroll of identify {!r, unknown}
Potions
 i - a potion of magic {!q}
Comestibles
 f - a ration


   Skills:
 + Level 0.8 Fighting
 - Level 1.0 Short Blades
 - Level 2.4 Dodging
 - Level 1.2 Stealth
 - Level 4.0 Evocations


You had one spell level left.
You didn't know any spells.

Dungeon Overview and Level Annotations

Branches:
Dungeon (4/15)
 Temple: D:4-7

Altars:
Wu Jian

Annotations:
D:2 Sigmund


Innate Abilities, Weirdness & Mutations

You tend to lose your temper in combat.
Your spells are a little harder to cast, but a little more powerful.


Message History

The orc priest struggles to resist.
The orc shouts!
The orc wizard casts a spell.
The orc wizard blinks!
The orc priest hits you but does no damage.
You climb upwards.
The adder hisses angrily.
The adder bites you.
There is a stone staircase leading down here.
Evoke which item? (* to show all) (? for menu, Esc to quit)
Aiming: Enslavement
Press: ? - help, Shift-Dir - straight line, f - orc priest
Aim: an orc priest, wielding a dagger (chance to defeat MR: 57%)
The orc priest resists with significant effort.
The kobold shouts!
The adder bites you. x2
* * * LOW HITPOINT WARNING * * *
You are lethally poisoned!
The adder poisons you! The orc priest hits you with a dagger.
* * * LOW HITPOINT WARNING * * *
Evoke which item? (* to show all) (? for menu, Esc to quit)
Aiming: Enslavement
Press: ? - help, Shift-Dir - straight line, f/p - orc priest
Aim: an orc priest, wielding a dagger (chance to defeat MR: 57%)
The orc priest is charmed.
* * * LOW HITPOINT WARNING * * *
You feel sick. The adder closely misses you.
Your orc priest looks braver for a moment.
You swap places.
Really quaff
i - 2 viscous amethyst potions {!q}?
It was a potion of magic {!q}.
Magic courses through your body. The adder misses you.
Really quaff
g - a bubbling cyan potion {!q}?
It was a potion of mutation {!q}.
You feel extremely strange.
You feel a little pissed off.
You feel less in control of your magic.
* * * LOW HITPOINT WARNING * * *
You feel sick. The adder barely misses you. The kobold barely misses you.
The adder barely misses you.
The kobold throws a stone.
The stone hits you but does no damage. The adder closely misses you.
You see here a stone.
The adder dies!
Your Evocations skill increases to level 4!
You have reached level 2!
Okay, then.
Really read
m - a scroll labeled BIQICL JIWUMNY {!r}?
As you read the scroll labeled BIQICL JIWUMNY {!r}, it crumbles to dust.
It is a scroll of enchant weapon.
Your +0 dagger of protection glows red for a moment.
You closely miss the kobold.
The kobold is heavily wounded.
* * * LOW HITPOINT WARNING * * *
You feel sick. The kobold barely misses you.
The kobold dies!
You swap places.
There is a stone staircase leading down, spattered with blood here.
You climb downwards.
A howler monkey comes into view.
* * * LOW HITPOINT WARNING * * *
You feel sick. The quokka closely misses you. The orc barely misses you.
The orc hits you but does no damage. The quokka barely misses you.
There is a stone staircase leading up here.
The orc hits you with a club.
You die...

#. #. #. #
#.#### .#
#....##.#
###.......#
#....@..#####
#...oor......
#....<.......
#.....o.$....
.......(.......
..###..#.h.#....
# #...........
#......##...
##...... #


You could see a howler monkey, 2 orcs, a quokka and a friendly orc priest.

Vanquished Creatures
  A goblin (D:1)
  A quokka (D:2)
  A bat (D:2)
  3 kobolds
6 creatures vanquished.

Vanquished Creatures (collateral kills)
  An adder (D:3)
  A kobold (D:3)
2 creatures vanquished.

Grand Total: 8 creatures vanquished

Notes
Turn   | Place    | Note
-------+----------+-------------------------------------------
     0 | D:1      | Amnesiac the Deep Elf Artificer began the quest for the Orb.
     0 | D:1      | Reached XP level 1. HP: 11/11 MP: 5/5
   264 | D:2      | Noticed Sigmund
   345 | D:2      | Found an ornate altar of the Wu Jian Council.
   391 | D:4      | Noticed an orc wizard
   391 | D:4      | Noticed an orc priest
   399 | D:3      | Gained mutation: You tend to lose your temper in combat. [potion of mutation]
   399 | D:3      | Gained mutation: Your spells are a little harder to cast, but a little more powerful. [potion of mutation]
   401 | D:3      | Reached skill level 4 in Evocations
   401 | D:3      | Reached XP level 2. HP: 2/16 MP: 7/7
   406 | D:4      | Noticed a howler monkey
   408 | D:4      | Slain by an orc

Vault maps used:
D:1:      eino_arrival_water_cross
D:2:      lemuel_doored_altar, lemuel_crystal_altar, uniq_sigmund
D:3:      kennysheep_slug_shrine, first_ration

Skill      XL: |  1 |
---------------+----+-----
Evocations     | 4 |  4.0
Fighting       | |  0.8
Short Blades   | |  1.0
Dodging        | |  2.4
Stealth        | |  1.2

Action                   || total
-------------------------++-------
Melee: Dagger            ||    23
       Short sword       ||     6
Evoke: Wand              ||     4
  Use: Potion            ||     2
       Scroll            ||     1
 Stab: Sleeping          ||     1
Armor: Leather armour    ||    24
Dodge: Dodged            ||    37

Table legend:
 A = Spawn XP
 B = Non-spawn XP
 C = Spawn XP percentage of total XP
 D = Spawn monster count
 E = Non-spawn monster count
 F = Spawn count percentage of total count
 G = Total turns spent on level
                    A         B        C        D         E        F      G
               +---------+---------+-------+---------+---------+-------+---------
         Total |       0 |      17 |   0.0 |       0 |       8 |   0.0 |   408
               +---------+---------+-------+---------+---------+-------+---------
           D:1 |       0 |       5 |   0.0 |       0 |       3 |   0.0 |   243
           D:2 |       0 |       4 |   0.0 |       0 |       3 |   0.0 |   145
           D:3 |       0 |       8 |   0.0 |       0 |       2 |   0.0 |    15
               +---------+---------+-------+---------+---------+-------+---------
